 Dungeon Sprint DCSS version 0.20-a0-522-g0b37eee (console) character file.

182 sorlin the Insei (level 5, -5/38 HPs)
             Began as an Octopode Transmuter on Jan 26, 2017.
             Was an Initiate of Sif Muna.
             Slain by an orc warrior
             ... wielding a +3 scimitar
              (24 damage)
             ... in the Dungeon (Sprint IX: "|||||||||||||||||||||||||||||").
             The game lasted 00:01:56 (350 turns).

sorlin the Insei (Octopode Transmuter)               Turns: 350, Time: 00:01:57

Health: -5/38      AC:  1    Str: 12    XL:     5   Next: 62%
Magic:  5/8        EV: 17    Int: 17    God:    Sif Muna [......]
Gold:   0          SH:  0    Dex: 12    Spells: 4/8 levels left

rFire    . . .     SeeInvis .     - Unarmed
rCold    . . .     Gourm    .   (no shield)
rNeg     . . .     Faith    .   (helmet restricted)
rPois    .         Spirit   .   (no amulet)
rElec    .         Reflect  .   l - +3 ring of strength
rCorr    .         Harm     .   m - +2 ring of evasion
MR       .....     NoTele   +   (no ring)
Stlth    ++........             (no ring)
Regen    0.2/turn               (no ring)
                                (no ring)
                                (no ring)
                                (no ring)

@: no status effects
A: almost no armour, stealthy swim, amphibious, 8 rings, constrict 8, camouflage
1, gelatinous body 1
a: Renounce Religion


You were in the Dungeon.
You worshipped Sif Muna.
Sif Muna was noncommittal.
You were not hungry.

You visited 1 branch


Innate Abilities, Weirdness & Mutations

You cannot wear most types of armour.
You are very stealthy in the water. (Stealth+)
You are amphibious.
You can wear up to eight rings at the same time.
You can use your tentacles to constrict eight enemies at once.
Your skin changes colour to match your surroundings (Stealth+).
Your rubbery body absorbs attacks. (AC +1, EV +1)


   Skills:
 + Level 4.9 Fighting
 + Level 5.2 Dodging
 * Level 7.6 Unarmed Combat
 - Level 2.0 Spellcasting
 + Level 5.2 Transmutations


You had 4 spell levels left.
You knew the following spells:

 Your Spells              Type           Power        Failure   Level  Hunger
a - Beastly Appendage     Tmut           ###...       2%          1    #......
q - Spider Form           Tmut/Pois      ##........   21%         3    ###....

Inventory:

Missiles
 a - 12 arrows
Jewellery
 l - a +3 ring of strength (left tentacle)
 m - a +2 ring of evasion (right tentacle)
Scrolls
 i - 2 scrolls of blinking
 k - 3 scrolls of remove curse
Potions
 d - 5 potions of curing
 e - a potion of invisibility {!q}
 f - a potion of haste {!q}
 g - 4 potions of magic {!q}
 h - a potion of berserk rage {!q}
 j - 2 potions of heal wounds {!q}
Books
 b - a book of Changes

   Spells                             Type                      Level
   a - Beastly Appendage              Transmutation                1
   b - Sticks to Snakes               Transmutation                2
   c - Spider Form                    Transmutation/Poison         3
   d - Ice Form                       Ice/Transmutation            4
   e - Blade Hands                    Transmutation                5
Comestibles
 c - a bread ration {!e}


Message History

You bite the big kobold!
The big kobold looks as sick as possible!
The big kobold is heavily wounded.
The big kobold hits you with a short sword.
You take 6 damage.
You hit the big kobold.
The big kobold looks as sick as possible!
The big kobold is severely wounded.
Your transformation is almost over.
The big kobold completely misses you.
You completely miss the big kobold.
The big kobold is almost dead.
The big kobold barely misses you.
You hit the big kobold.
The big kobold looks as sick as possible!
The big kobold is almost dead.
You kill the big kobold!
Sif Muna accepts your kill.
Your Dodging skill increases to level 5!
Your Unarmed Combat skill increases to level 7!
Your Transmutations skill increases to level 5!
You have reached level 5!
You feel clever.
You miss the adder.
The phantom blinks!
The adder completely misses you.
You closely miss the adder.
The phantom blinks!
The adder bites you.
You take 2 damage.
You hit the adder.
The adder is poisoned.
The adder is lightly wounded.
The adder misses you.
The phantom blinks! x2
You bite the adder!
The adder looks as sick as possible!
The adder is almost dead.
You kill the adder!
Sif Muna accepts your kill.
The phantom blinks!
You hit the orc warrior but do no damage.
The orc warrior completely misses you.
You hit the orc warrior but do no damage.
The orc warrior is poisoned.
You hit the orc warrior but do no damage.
The orc warrior barely misses you. The phantom hits you.
* * * LOW HITPOINT WARNING * * *
The phantom blinks!
You take 5 damage.
You hit the orc warrior.
The orc warrior looks as sick as possible!
The orc warrior is moderately wounded.
Your transformation has ended.
The orc warrior hits you with an enchanted scimitar!!
Ouch! That really hurt!
You die...

█'█
█.█
█?█
█|█
█)█
█[█
█[█
█[█
█.█


█W█ █@█ █o█ █W█ █S█ █.█ █.█ █.█ █+█ You could see 2 phantoms, an orc warrior and
an adder.

Vanquished Creatures
  A sky beast (D)
  A big kobold (D)
  An adder (D)
  A shadow imp (D)
  An orc (D)
  A giant cockroach (D)
  A hobgoblin (D)
  A quokka (D)
  A bat (D)
  A frilled lizard (D)
  A kobold (D)
  A quokka zombie (D)
12 creatures vanquished.

Notes
Turn   | Place    | Note
-------+----------+-------------------------------------------
     0 | D        | sorlin the Octopode Transmuter began the quest for the Orb.
     0 | D        | Reached XP level 1. HP: 13/13 MP: 3/3
   206 | D        | Noticed a sky beast
   209 | D        | Reached XP level 2. HP: 19/19 MP: 1/5
   216 | D        | HP: 1/19 [shadow imp/nerve-wracking pain (5)]
   217 | D        | Reached skill level 2 in Fighting
   217 | D        | Reached skill level 4 in Unarmed Combat
   221 | D        | Reached skill level 3 in Transmutations
   239 | D        | Killed a sky beast
   239 | D        | Reached skill level 4 in Fighting
   239 | D        | Reached skill level 4 in Dodging
   239 | D        | Reached skill level 6 in Unarmed Combat
   239 | D        | Reached skill level 4 in Transmutations
   239 | D        | Reached XP level 3. HP: 21/27 MP: 2/6
   239 | D        | Reached XP level 4. HP: 26/33 MP: 2/7
   285 | D        | Found a roughly hewn altar of Beogh.
   285 | D        | Found a snail-covered altar of Cheibriados.
   285 | D        | Found a shadowy altar of Dithmenos.
   285 | D        | Found a white marble altar of Elyvilon.
   285 | D        | Found a blossoming altar of Fedhas.
   285 | D        | Found an opulent altar of Gozag.
   286 | D        | Found a hazy altar of Hepliaklqana.
   287 | D        | Found a viscous altar of Jiyva.
   288 | D        | Found an ancient bone altar of Kikubaaqudgha.
   289 | D        | Found a corrupted altar of Lugonu.
   290 | D        | Found a burning altar of Makhleb.
   291 | D        | Found a sparkling altar of Nemelex Xobeh.
   292 | D        | Found an iron altar of Okawaru.
   293 | D        | Found a stormy altar of Qazlal.
   294 | D        | Found a sacrificial altar of Ru.
   295 | D        | Found a deep blue altar of Sif Muna.
   296 | D        | Found a bloodstained altar of Trog.
   297 | D        | Found a hide-covered altar of Uskayaw.
   298 | D        | Found a radiant altar of Vehumet.
   299 | D        | Found a shimmering altar of Xom.
   300 | D        | Found a basalt altar of Yredelemnul.
   301 | D        | Found a glowing silver altar of Zin.
   302 | D        | Found a glowing golden altar of the Shining One.
   303 | D        | Became a worshipper of Sif Muna the Loreminder
   333 | D        | Learned a level 3 spell: Spider Form
   334 | D        | Noticed a big kobold
   334 | D        | Noticed a phantom
   334 | D        | Noticed an orc warrior
   334 | D        | Noticed a phantom
   342 | D        | Killed a big kobold
   342 | D        | Reached skill level 5 in Dodging
   342 | D        | Reached skill level 7 in Unarmed Combat
   342 | D        | Reached skill level 5 in Transmutations
   342 | D        | Reached XP level 5. HP: 25/38 MP: 4/8
   350 | D        | Slain by an orc warrior

Vault maps used:
D:        linesprint

Action                   |  1- 3 |  4- 6 || total
-------------------------+-------+-------++-------
Melee: Unarmed           |    31 |    15 ||    46
       Constrict         |     7 |       ||     7
       Kick              |     3 |       ||     3
       Tentacles         |     3 |       ||     3
       Punch             |     1 |       ||     1
 Cast: Beastly Appendage |     3 |       ||     3
       Spider Form       |       |     1 ||     1
  Use: Potion            |     1 |       ||     1
Armor: Skin              |     1 |       ||     1
Dodge: Dodged            |    18 |     9 ||    27
